 Dungeon Crawl Stone Soup version 0.31-a0-840-g6d2ecbb638 (webtiles) character file.

Game seed: 7316903409785880055

1768 BinkBink the Thaumaturge (level 8, 0/5 HPs)
             Began as a Deep Elf Summoner on Sept 27, 2023.
             Was an Initiate of Cheibriados.
             Slain by a wolf (5 damage)
             ... summoned by the player character
             ... on level 6 of the Dungeon.
             The game lasted 00:21:43 (6649 turns).

BinkBink the Thaumaturge (Deep Elf Summoner)        Turns: 6649, Time: 00:21:43

Health: 0/5        AC: 14    Str:  6    XL:     8   Next: 80%
Magic:  18/23      EV: 12    Int: 24    God:    Cheibriados [......]
Gold:   340        SH:  5    Dex: 16    Spells: 19/25 levels left

rFire   . . .        (no weapon)
rCold   . . .        (no shield)
rNeg    + . .        m - melded +2 robe
rPois   ∞            (no helmet)
rElec   +            v - +0 cloak
rCorr   .            (gloves currently unavailable)
SInv    .            (boots currently unavailable)
Will    .....        o - amulet of reflection
Stlth   ++++         x - +4 ring of protection
HPRegen 0.20/turn    (no ring)
MPRegen 0.18/turn

%: reflection
@: statue-form, very slow
A: slow and powerful, torment resistance 1, reduced hp
a: Begin Untransformation, Renounce Religion


You were on level 6 of the Dungeon.
You worshipped Cheibriados.
Cheibriados was noncommittal.
You were a living statue of rough stone.
You visited 2 branches of the dungeon, and saw 7 of its levels.

You collected 396 gold pieces.
You spent 56 gold pieces at shops.

Inventory:

Hand Weapons
 i - a +2 dagger of pain
 u - a +4 quarterstaff of chaos
 w - a +0 hammer
Armour
 m - a +2 robe (melded)
 v - a +0 cloak (worn)
Jewellery
 o - an amulet of reflection (around neck)
 x - a +4 ring of protection (left fist)
Talismans
 y - a granite talisman (active)
Wands
 t - a wand of paralysis (13)
Scrolls
 d - 3 scrolls of blinking
 f - 2 scrolls of enchant armour
 g - a scroll of noise
 h - 3 scrolls of revelation
 j - 5 scrolls of teleportation
 k - a scroll of vulnerability
 l - a scroll of enchant weapon
 p - 6 scrolls of identify
 q - a scroll of butterflies {unknown}
 s - a scroll of amnesia {unknown}
 z - 2 scrolls of fear {unknown}
Potions
 a - 2 potions of lignification {unknown}
 b - a potion of magic
 c - a potion of ambrosia {unknown}
 e - a potion of attraction {unknown}
 n - 2 potions of heal wounds {unknown}
 r - a potion of curing {unknown}


   Skills:
 - Level 2.4 Dodging
 + Level 8.9 Stealth
 + Level 9.0 Spellcasting
 + Level 8.3 Summonings
 + Level 1.3 Shapeshifting


You had 19 spell levels left.
You knew the following spells:

 Your Spells              Type           Power      Damage    Failure   Level
a - Summon Small Mammal   Summ           100%       N/A       1%          1
b - Call Imp              Summ           100%       N/A       1%          2
c - Call Canine Familiar  Summ           50%        N/A       1%          3

Your spell library contained the following spells:

 Spells                   Type           Power      Damage    Failure   Level
 Summon Guardian Golem    Hex/Summ       30%        N/A       3%          3
 Magic Dart               Conj           40%        1d5       6%          1
 Blink                    Tloc           20%        N/A       9%          2
 Lesser Beckoning         Tloc           20%        N/A       9%          2
 Momentum Strike          Conj/Tloc      20%        3d8       9%          2
 Scorch                   Fire           20%        2d5       9%          2
 Summon Lightning Spire   Summ/Air       30%        N/A       11%         4
 Mephitic Cloud           Conj/Pois/Air  10%        N/A       17%         3
 Summon Cactus Giant      Summ           25%        N/A       28%         6
 Flame Wave               Conj/Fire      10%        2d6       50%         4


Dungeon Overview and Level Annotations

Branches:
Dungeon (6/15)             Temple (1/1) D:6

Altars:
Ashenzari
Cheibriados
Dithmenos
Fedhas
Gozag
Hepliaklqana
Kikubaaqudgha
Makhleb
Okawaru
Qazlal
Ru
Sif Muna
Trog
Uskayaw
Vehumet
Wu Jian
Xom
Yredelemnul
Zin
The Shining One

Shops:
D:2 (   D:4 ?


Message History

Your cerulean imp closely misses the orc wizard.
Your cerulean imp hits the orc wizard from afar with a +1 spear.
Your cerulean imp closely misses the orc wizard.
The orc wizard gestures at you while chanting.
Your wolf appears confused.
The orc wizard points at you and mumbles some strange words.
The puff of flame hits your cerulean imp.
Your cerulean imp hits the orc wizard from afar with a +1 spear.
The orc wizard casts a spell at you. The magic dart hits your cerulean imp.
Your quokka is engulfed in a cloud of scalding steam.
Your quokka dies!
Your quokka's corpse disappears in a puff of smoke!
Your cerulean imp is engulfed in a cloud of scalding steam.
Your cerulean imp dies!
Your cerulean imp disappears in a puff of smoke!
The orc wizard is engulfed in a cloud of scalding steam. x2
The orc wizard gestures wildly while chanting.
The orc wizard flickers and vanishes!
Deactivating autopickup; reactivate with Ctrl-A.
Casting: Summon Small Mammal (safe; 1% risk of failure)
Confirm with . or Enter, or press ? or * to list all spells.
A tiny devil pulls itself out of the air.
Reactivating autopickup.
The orc wizard is engulfed in a cloud of scalding steam. x2
Your wolf closely misses you.
Your wolf bites you but does no damage.
Your wolf bites itself.
Your wolf seems less confused.
The orc wizard gestures at you while chanting.
The magic dart hits your wolf.
The orc wizard grunts repeatedly.
The orc wizard points at you and mumbles some strange words.
Your wolf resists with some effort.
The orc wizard casts a spell at you. The puff of flame hits your wolf.
The orc wizard points at you and mumbles some strange words.
Your wolf appears confused.
Your wolf bites you.
Ouch! That really hurt!
You die...

..#.###...### #..# #.#.#...###
#.## #.......# ##### ##.#
#..#.##.# #)o.# #..#
#....#..### #≈§≈# #..##
#...##....### #...# ##...#
###.........## ... #..#.####
##.........###h### #.##....#
##........#.888.# #######'###
#.........#.5r..# #..........
#.........##...#####..........
#..........##.## #.#..........
#.............# #.#......≈...
#............## #.#....##.##.
#..........### ##.#..§†#...#§
###....##### #..+...§..≈..§
####.## ##.##.§..#...#.


You could see an orc wizard (ally target), a friendly wolf (summoned, confused),
a friendly cerulean imp (summoned) and a friendly quokka (summoned).

Vanquished Creatures (collateral kills)
  Sigmund (D:2)
  Eustachio (D:4)
  Menkaure (D:6)
  Duvessa (D:5)
  A water moccasin (D:5)
  2 ogres
  A phantom (D:6)
  A bullfrog (D:5)
  4 scorpions
  Dowan (D:5)
  A howler monkey (D:5)
  An orc priest (D:5)
  A hound (D:4)
  A gnoll bouda (D:5)
  A sleepcap (D:6)
  Crazy Yiuf (D:5)
  Jessica (D:2)
  Ijyb (D:5)
  6 iguanas
  An orc wizard (D:5)
  4 adders
  7 gnolls
  A white imp (D:6)
  An ufetubus (D:4)
  2 dart slugs
  5 orcs (D:5)
  2 ball pythons
  5 bats
  5 endoplasms
  5 giant cockroaches
  7 goblins
  5 hobgoblins
  5 jackals (D:4)
  6 kobolds
  2 quokkas
  2 frilled lizards (D:2)
  7 rats
100 creatures vanquished.

Vanquished Creatures (others)
  An orc wizard (D:6)
1 creature vanquished.

Grand Total: 101 creatures vanquished

Notes
Turn   | Place    | Note
-------+----------+-------------------------------------------
     0 | D:1      | BinkBink the Deep Elf Summoner began the quest for the Orb.
     0 | D:1      | Reached XP level 1. HP: 10/10 MP: 6/6
   594 | D:1      | Found a faded altar of an unknown god.
   730 | D:1      | Reached XP level 2. HP: 15/15 MP: 5/8
   733 | D:1      | Learned a level 2 spell: Call Imp
  1119 | D:2      | Noticed Jessica
  1137 | D:2      | Killed Jessica
  1138 | D:2      | Reached skill level 4 in Spellcasting
  1138 | D:2      | Reached XP level 3. HP: 19/19 MP: 5/10
  1439 | D:2      | Reached skill level 5 in Summonings
  1529 | D:2      | Noticed Sigmund
  1586 | D:2      | Killed Sigmund
  1587 | D:2      | Reached skill level 5 in Spellcasting
  1587 | D:2      | Reached XP level 4. HP: 9/24 MP: 4/13
  1587 | D:2      | Reached XP level 5. HP: 10/28 MP: 4/14
  1689 | D:2      | Reached skill level 5 in Stealth
  1871 | D:2      | Found Xykaic's Weapon Shop.
  2770 | D:4      | Reached XP level 6. HP: 32/32 MP: 11/16
  2774 | D:4      | Learned a level 3 spell: Call Canine Familiar
  3041 | D:4      | Reached skill level 6 in Spellcasting
  3212 | D:4      | Found The Oracle's Delphic Readings.
  3216 | D:4      | Bought a scroll of identify for 28 gold pieces
  3216 | D:4      | Bought a scroll of identify for 28 gold pieces
  3776 | D:4      | Noticed Eustachio
  3791 | D:4      | Killed Eustachio
  3792 | D:4      | Reached XP level 7. HP: 36/36 MP: 12/18
  4320 | D:5      | Entered Level 5 of the Dungeon
  4355 | D:5      | Reached skill level 7 in Spellcasting
  4756 | D:5      | Noticed Ijyb
  4775 | D:5      | Killed Ijyb
  4835 | D:5      | Reached XP level 8. HP: 41/41 MP: 11/21
  5181 | D:5      | Reached skill level 8 in Spellcasting
  5254 | D:5      | Found a runed translucent door.
  5255 | D:5      | Noticed Crazy Yiuf
  5344 | D:5      | Noticed Duvessa
  5354 | D:5      | Noticed Dowan
  5371 | D:5      | Killed Dowan
  5377 | D:5      | Killed Duvessa
  5692 | D:5      | Killed Crazy Yiuf
  5867 | D:6      | Found a hazy altar of Hepliaklqana.
  6099 | D:6      | Found a shadowy altar of Dithmenos.
  6102 | D:6      | Found a glowing silver altar of Zin.
  6102 | D:6      | Found an ancient bone altar of Kikubaaqudgha.
  6190 | D:6      | Noticed Menkaure
  6197 | D:6      | Killed Menkaure
  6198 | D:6      | Reached skill level 1 in Shapeshifting
  6320 | D:6      | Found a staircase to the Ecumenical Temple.
  6328 | Temple   | Entered the Ecumenical Temple
  6341 | Temple   | Became a worshipper of Cheibriados the Contemplative
  6466 | D:6      | Reached skill level 9 in Spellcasting
  6628 | D:6      | Found a shimmering blue altar of Sif Muna.
  6649 | D:6      | Slain by a wolf

Illustrated notes

Levels and vault maps discovered:
D:1:      lordsloth_arrival_two_stooges, layout_basic,
          dreamdust_ecumenical_altar_statues, roderic_lattice_a,
          nicolae_kite_square_tiling_tiny
D:2:      layout_basic, serial_shops, shop, nrook_uturn, uniq_sigmund,
          uniq_jessica
D:3:      layout_rooms
D:4:      layout_loops_cross, nicolae_nh_oracle_at_delphi, uniq_eustachio
D:5:      layout_rooms, hangedman_abyss_or_decor_passed, hex_large,
          dreamdust_princess_bridge, uniq_crazy_yiuf_cottage, uniq_duvessa,
          uniq_ijyb
D:6:      layout_cave_pods, worldfamousw_hep_ancestral_shrine,
          grunt_temple_overflow_open, led_sif_book, minmay_temple_entry_slanted,
          kennysheep_generic_room_2, uniq_menkaure
Temple:   bh_familiar_temple

Skill      XL: |  1  2  3  4  5  6  7  8 |
---------------+-------------------------+-----
Stealth        | 3 4 5 6 7 8 |  8.9
Spellcasting   | 4 5 6 7 9 |  9.0
Summonings     | 5 6 7 8 |  8.3
Shapeshifting  | 1 |  1.3
Dodging        | |  2.4

Action                     |  1- 3 |  4- 6 |  7- 9 || total
---------------------------+-------+-------+-------++-------
   Cast: Summon Small Mamm |    45 |    51 |    61 ||   157
         Call Imp          |    14 |    29 |    36 ||    79
         Call Canine Famil |       |    15 |    34 ||    49
    Use: Scroll            |       |     7 |       ||     7
 Armour: Robe              |    14 |    11 |     7 ||    32
         Skin              |       |       |     2 ||     2
  Dodge: Dodged            |    12 |    14 |     4 ||    30
  Block: Other             |       |     2 |     3 ||     5
         Reflection        |       |       |     1 ||     1
   Form: Statue            |       |       |     1 ||     1

Table legend: (Time is in decaauts)
 A = Elapsed time spent in this place.
 B = Non-inter-level travel time spent in this place.
 C = Inter-level travel time spent in this place.
 D = Time resting spent in this place.
 E = Time spent auto-exploring this place.
 F = Levels seen in this place.
 G = Mean time per level.
                   A        B        C        D        E       F      G
               +--------+--------+--------+--------+--------+-----+--------+
         Total |   7037 |   6880 |    157 |      4 |   5540 |   7 | 1005.3 |
       Dungeon |   6995 |   6859 |    136 |      4 |   5540 |   6 | 1165.8 |
        Temple |     41 |     20 |     21 |      0 |      0 |   1 |   41.0 |
               +--------+--------+--------+--------+--------+-----+--------+

Top non-repeatable levels by time:
     D:4: 1594 daAuts
     D:5: 1444 daAuts
     D:2: 1281 daAuts
     D:6: 1231 daAuts
     D:1: 785 daAuts
     D:3: 657 daAuts
  Temple: 41 daAuts
